 Dungeon Crawl Stone Soup version 0.31-a0-983-g7b6862f502 (webtiles) character file.

Game seed: 9405971589466205742

158 voltaire321 the Digger (level 5, -7/38 HPs)
             Began as a Demonspawn Earth Elementalist on Nov 3, 2023.
             Mangled by Edmund
             ... wielding a +2 dire flail of holy wrath
              (13 damage)
             ... on level 4 of the Dungeon.
             The game lasted 00:06:56 (2035 turns).

voltaire321 the Digger (DsEE)                       Turns: 2035, Time: 00:06:57

Health: -7/38      AC: 10    Str: 10    XL:     5   Next: 16%
Magic:  7/9        EV: 10    Int: 17    God:
Gold:   185        SH: 10    Dex: 13    Spells: 3/9 levels left

rFire   + . .        y - +0 war axe
rCold   + . .        v - +2 buckler
rNeg    . . .        e - +0 ring mail
rPois   .            r - +1 hat
rElec   .            w - scarf {rC+ rF+}
rCorr   .            (no gloves)
SInv    .            (no boots)
Will    .....        (no amulet)
Stlth   +            (no ring)
HPRegen 0.26/turn    (no ring)
MPRegen 0.11/turn

%: no passive effects
@: no status effects
A: icemail 1, condensation shield, demonic touch 1
a: no special abilities


You were on level 4 of the Dungeon.
You visited 1 branch of the dungeon, and saw 4 of its levels.

You collected 185 gold pieces.

Inventory:

Hand Weapons
 g - a +0 rapier
 y - a +0 war axe (weapon)
Armour
 e - a +0 ring mail (worn)
 m - a scarf of repulsion
 q - a +1 cloak of willpower
 r - a +1 hat (worn)
 v - a +2 buckler (worn)
 w - a scarf of resistance (worn)
Jewellery
 u - a ring of ice
Scrolls
 f - a scroll of summoning {unknown}
 j - a scroll of immolation {unknown}
 k - a scroll of identify {unknown}
 l - a scroll of fog {unknown}
 s - a scroll of blinking {unknown}
 t - 2 scrolls of teleportation {unknown}
 x - a scroll of noise {unknown}
Potions
 a - a potion of haste {unknown}
 b - a potion of magic
 c - a potion of heal wounds {unknown}
 d - 2 potions of lignification {unknown}
 h - 2 potions of mutation {unknown}
 n - 5 potions of curing {unknown}
 o - 2 potions of brilliance {unknown}
 p - a potion of attraction {unknown}
 z - a potion of enlightenment {unknown}


   Skills:
 + Level 2.0 Fighting
 + Level 1.7 Armour
 + Level 2.5 Dodging
 - Level 1.7 Stealth
 + Level 0.1 Shields
 + Level 2.7 Spellcasting
 + Level 0.8 Conjurations
 - Level 1.0 Transmutations
 + Level 3.2 Earth Magic


You had 3 spell levels left.
You knew the following spells:

 Your Spells              Type           Power      Damage    Failure   Level
a - Sandblast             Erth           26%        2d8       19%         1
b - Passwall              Tmut/Erth      7%         N/A       41%         2
c - Stone Arrow           Conj/Erth      18%        3d8       67%         3

Your spell library contained the following spells:

 Spells                   Type           Power      Damage    Failure   Level
 Slow                     Hex            8%         N/A       56%         1
 Confusing Touch          Hex            2%         N/A       91%         3
 Sigil of Binding         Hex            2%         N/A       91%         3
 Vampiric Draining        Necr           2%         2d6       91%         3
 Petrify                  Tmut/Erth      9%         N/A       96%         4
 Brom's Barrelling Bould  Conj/Erth      9%         2d3       97%         4


Dungeon Overview and Level Annotations

Branches:
Dungeon (4/15)
 Temple: D:4-7

Altars:
Vehumet

Annotations:
D:4 Edmund


Innate Abilities, Weirdness & Mutations

A meltable icy envelope protects you from harm. (AC +4)
A meltable shield of frost defends you. (SH +4)
Your touch may inflict minor irresistible damage on your foes.


Message History

You block the iguana's attack.
You hit the iguana but do no damage.
The iguana is severely wounded.
The iguana bites you! You block the iguana's attack.
You barely miss the iguana.
The iguana is severely wounded.
The iguana bites you!
You hit the iguana but do no damage.
The iguana is severely wounded.
You block the iguana's attack. x2
You closely miss the iguana.
The iguana is severely wounded.
The iguana bites you but does no damage.
You block the iguana's attack.
You closely miss the iguana.
The iguana is severely wounded.
You block the iguana's attack.
You hit the iguana.
The iguana is almost dead.
The iguana bites you but does no damage.
You block the iguana's attack.
You barely miss the iguana.
The iguana is almost dead.
You block the iguana's attack.
You slash the iguana!
You kill the iguana!
Your Fighting skill increases to level 2!
You have reached level 5!
Your demonic ancestry asserts itself...
An icy envelope takes form around you.
You barely miss the dart slug. The dart slug misses you.
You hit the dart slug but do no damage. You block the dart slug's attack.
You slash the dart slug!
You kill the dart slug!
You closely miss Edmund.
Edmund hits you with a +2 dire flail of holy wrath!
* * * LOW HITPOINT WARNING * * *
You convulse!
You die...
Edmund says, "That'll show my brother!"

....... .. .. .....
#.####.### .....
..#.....# ....
#.#.....# ...
#.#.....# #.#
#.......# ####@##
####......#
#...@.###.........#
#.....##..##>.....#
#........###.##.###
#.....####........#
#.....# #.>......#
#.....# #........#
####### #._......#
#........###
#...........


You could see Edmund.

Vanquished Creatures
  An iguana (D:4)
  A gnoll (D:1)
  4 adders
  A worm (D:2)
  A dart slug (D:4)
  5 orcs (D:3)
  9 endoplasms
  5 giant cockroaches
  6 goblins
  7 hobgoblins
  5 jackals
  2 quokkas
  7 ball pythons
  4 bats
  6 frilled lizards
  2 kobolds
  4 rats
70 creatures vanquished.

Notes
Turn   | Place    | Note
-------+----------+-------------------------------------------
     0 | D:1      | voltaire321 the Demonspawn Earth Elementalist began the
                  | quest for the Orb.
     0 | D:1      | Reached XP level 1. HP: 13/13 MP: 3/3
    32 | D:1      | Reached skill level 1 in Transmutations
    32 | D:1      | Gained mutation: Your touch may inflict minor irresistible
                  | damage on your foes. [demonic ancestry]
    32 | D:1      | Reached XP level 2. HP: 8/20 MP: 0/5
   175 | D:1      | Reached skill level 1 in Fighting
   633 | D:2      | Gained mutation: A meltable shield of frost defends you.
                  | (SH +4) [demonic ancestry]
   633 | D:2      | Reached XP level 3. HP: 26/26 MP: 6/6
   740 | D:2      | Reached skill level 1 in Armour
   740 | D:2      | Reached skill level 3 in Earth Magic
   818 | D:2      | Learned a level 2 spell: Passwall
   822 | D:2      | Learned a level 3 spell: Stone Arrow
   940 | D:2      | Reached XP level 4. HP: 12/32 MP: 7/7
  1511 | D:3      | Found a radiant altar of Vehumet.
  1950 | D:4      | Identified the of Potzoaja
  2012 | D:4      | Noticed Edmund
  2032 | D:4      | Gained mutation: A meltable icy envelope protects you from
                  | harm. (AC +4) [demonic ancestry]
  2032 | D:4      | Reached XP level 5. HP: 18/38 MP: 7/9
  2035 | D:4      | Mangled by Edmund

Illustrated notes

Levels and vault maps discovered:
D:1:      tarquinn_simple_flora_water_b, layout_rooms
D:2:      layout_basic, kennysheep_big_empty_room, minmay_heptomino_d4
D:3:      layout_rooms, zin_treasury, old_standard_altar
D:4:      layout_rooms, overflow_temple_1_default,
          lemuel_mausoleum_altar_kikubaaqudgha, nicolae_overflow_hidden_temple,
          minmay_temple_entry_nine_rooms, uniq_edmund

Skill      XL: |  1  2  3  4 |
---------------+-------------+-----
Transmutations | 1 |  1.0
Dodging        | 2 |  2.5
Fighting       | 1 2 |  2.0
Armour         | 1 |  1.7
Earth Magic    | 3 |  3.2
Stealth        | |  1.7
Shields        | |  0.1
Spellcasting   | |  2.7
Conjurations   | |  0.8

Action                     |  1- 3 |  4- 6 || total
---------------------------+-------+-------++-------
  Melee: Unarmed           |     6 |       ||     6
         Hand axe          |    44 |    54 ||    98
         Touch             |    11 |    13 ||    24
         War axe           |       |    40 ||    40
   Cast: Sandblast         |    19 |     2 ||    21
   Stab: Sleeping          |     2 |       ||     2
 Armour: Robe              |    38 |    29 ||    67
         Ring mail         |       |    15 ||    15
  Dodge: Dodged            |    53 |    53 ||   106
  Block: Other             |     6 |     8 ||    14
         Buckler           |       |    33 ||    33

Table legend: (Time is in decaauts)
 A = Elapsed time spent in this place.
 B = Non-inter-level travel time spent in this place.
 C = Inter-level travel time spent in this place.
 D = Time resting spent in this place.
 E = Time spent auto-exploring this place.
 F = Levels seen in this place.
 G = Mean time per level.
                   A        B        C        D        E       F      G
               +--------+--------+--------+--------+--------+-----+--------+
         Total |   2095 |   2073 |     22 |    170 |   1216 |   4 |  523.8 |
       Dungeon |   2095 |   2073 |     22 |    170 |   1216 |   4 |  523.8 |
               +--------+--------+--------+--------+--------+-----+--------+

Top non-repeatable levels by time:
     D:3: 733 daAuts
     D:2: 649 daAuts
     D:1: 606 daAuts
     D:4: 105 daAuts
